[Event "Titled Tuesday Blitz May 16 Early 2023"]
[White "OPQRC"]
[Black "Harsh Suresh"]
[BlackFideId "45018464"]
[WhiteElo "2543"]
[BlackElo "2209"]
[Result "1-0"]
[Round "02"]
[TimeControl "180+2"]
[Date "2023.05.16"]
[WhiteClock "0:01:17"]
[BlackClock "0:00:51"]

1. e4 e6 2. d4 d5 3. Nd2 c5 4. exd5 exd5 5. Ngf3 Nf6 6. Bb5+ Nc6 7. O-O Be6 8. Re1 a6 9. Bxc6+ bxc6 10. Ng5 Qd7 11. Ndf3 c4 12. Ne5 Qc7 13. Nexf7 Ne4 14. Nxh8 Bd6 15. Rxe4 dxe4 16. Nxe6 Qe7 17. Qg4 Kd7 18. Bg5 Qxe6 19. Qe2 Rxh8 20. b3 Rb8 21. bxc4 c5 22. c3 cxd4 23. cxd4 Rb4 24. Rc1 Bc7 25. g3 h6 26. Be3 Qb6 27. Qg4+ Qe6 28. Qxg7+ Kc8 29. Qf8+ 1-0


[Site "https://www.chess.com"]

[Event "Titled Tuesday Blitz May 16 Early 2023"]
[White "Ilamparthi A R"]
[Black "Kuznetsov, Mikhail"]
[WhiteFideId "45015775"]
[BlackFideId "4117190"]
[WhiteElo "2348"]
[BlackElo "1981"]
[Result "1-0"]
[Round "02"]
[TimeControl "180+2"]
[Date "2023.05.16"]
[WhiteClock "0:01:52"]
[BlackClock "0:00:02"]

1. e4 c6 2. d3 d5 3. Nd2 dxe4 4. dxe4 Nf6 5. g3 Bg4 6. Be2 Bxe2 7. Qxe2 e6 8. Ngf3 Be7 9. O-O O-O 10. e5 Nd5 11. c4 Nb4 12. Rd1 c5 13. Ne4 Qc7 14. Bf4 Nd7 15. Nf6+ gxf6 16. exf6 Qd8 17. fxe7 Qxe7 18. Bd6 Qf6 19. Bxf8 Nxf8 20. Ne5 Ng6 21. Nxg6 hxg6 22. Rd7 Rb8 23. h4 Nc6 24. Qe4 Qxb2 25. Rb1 Qxa2 26. Rbxb7 Rxb7 27. Rxb7 Ne5 28. Qxe5 Qxc4 29. Rb8+ Kh7 30. Rh8# 1-0


[Site "https://www.chess.com"]

[Event "Titled Tuesday Blitz May 16 Early 2023"]
[White "Dixit, Nikhil"]
[Black "Schmakel, Sam"]
[WhiteFideId "5059534"]
[BlackFideId "2039311"]
[WhiteElo "2207"]
[BlackElo "2356"]
[Result "0-1"]
[Round "02"]
[TimeControl "180+2"]
[Date "2023.05.16"]
[WhiteClock "0:00:28"]
[BlackClock "0:00:25"]

1. e4 g6 2. d4 Bg7 3. Nc3 d6 4. Nf3 a6 5. Be2 b5 6. O-O Nd7 7. a4 b4 8. Nd5 a5 9. Bg5 Bb7 10. c4 h6 11. Bh4 g5 12. Bg3 e6 13. Ne3 Bxe4 14. d5 e5 15. Bd3 Bxd3 16. Qxd3 Nc5 17. Qc2 Ne7 18. h4 e4 19. Nd2 f5 20. f4 Bd4 21. Rae1 Nd3 22. Re2 O-O 23. hxg5 hxg5 24. fxg5 Ng6 25. Nb3 Bb6 26. c5 Nxc5 27. Nd4 Qxg5 28. Ndxf5 Nd3 29. Bf2 Nxf2 30. Rfxf2 Rxf5 31. Nxf5 Qxf5 32. Kf1 Bxf2 33. Rxf2 Qxd5 34. Rf6 0-1


[Site "https://www.chess.com"]

[Event "Titled Tuesday Blitz May 16 Early 2023"]
[White "Bagwe Gaurang"]
[Black "Santos Ruiz, Miguel"]
[WhiteFideId "45039895"]
[BlackFideId "22291482"]
[WhiteElo "1847"]
[BlackElo "2499"]
[Result "0-1"]
[Round "02"]
[TimeControl "180+2"]
[Date "2023.05.16"]
[WhiteClock "0:00:00"]
[BlackClock "0:00:15"]

1. e4 c5 2. c3 Nf6 3. e5 Nd5 4. d4 cxd4 5. Nf3 Nc6 6. cxd4 d6 7. exd6 Bg4 8. dxe7 Qxe7+ 9. Be2 Bxf3 10. gxf3 O-O-O 11. Nc3 Qb4 12. Be3 Nxc3 13. bxc3 Qxc3+ 14. Kf1 Ba3 15. Rb1 Nxd4 16. Kg2 Nf5 17. Rb3 Qc6 18. Qb1 Qg6+ 19. Kf1 Nxe3+ 20. fxe3 Qxb1+ 21. Rxb1 Bc5 22. Rb3 Rd2 23. Kf2 Rhd8 24. Rc1 b6 25. a4 a5 26. Rb5 Kc7 27. Rcxc5+ bxc5 28. Rxc5+ Kd6 29. Rxa5 Rb8 30. Ra6+ Ke7 31. Ra7+ Kf6 32. Ra6+ Ke7 33. Ra7+ Kf8 34. Ke1 Rc2 35. Bb5 Rbc8 36. Rd7 Rb2 37. Rd2 Rc1+ 38. Ke2 Rxd2+ 39. Kxd2 Rh1 40. a5 Rxh2+ 41. Be2 Rh5 42. a6 Ra5 43. Kc3 Ke7 44. Kb4 Ra1 45. Bb5 Kd8 46. Ba4 Kc7 47. Bb5 Kb6 48. Bc4 h5 49. f4 h4 50. Bxf7 h3 51. Bd5 h2 52. a7 Kxa7 53. Kc5 h1=Q 54. Bxh1 Rxh1 55. Kd5 Kb7 56. Ke6 Kc7 57. Kf7 Re1 58. Kxg7 Rxe3 59. f5 Kd7 60. f6 Rg3+ 61. Kh7 Ke6 62. f7 Kxf7 63. Kh6 Kf6 64. Kh7 Rg6 0-1


[Site "https://www.chess.com"]

[Event "Titled Tuesday Blitz May 16 Early 2023"]
[White "Bryakin, Mikhail"]
[Black "Horak, Martin"]
[WhiteFideId "4165314"]
[BlackFideId "367095"]
[WhiteElo "2467"]
[BlackElo "2091"]
[Result "1-0"]
[Round "02"]
[TimeControl "180+2"]
[Date "2023.05.16"]
[WhiteClock "0:00:40"]
[BlackClock "0:00:00"]

1. e4 c5 2. Nf3 a6 3. c3 d5 4. exd5 Qxd5 5. Qb3 Qxb3 6. axb3 Nf6 7. Na3 Nbd7 8. d4 cxd4 9. Nxd4 e5 10. Nf3 Bc5 11. b4 Bb6 12. Nc4 Bc7 13. Be2 O-O 14. Bg5 Re8 15. O-O h6 16. Be3 Nd5 17. Rfd1 Nxe3 18. Nxe3 Nf6 19. Nd2 Be6 20. Bc4 Rad8 21. Bxe6 Rxe6 22. Nb3 Rxd1+ 23. Rxd1 Bb6 24. h3 Re7 25. Nc5 Bxc5 26. bxc5 Rd7 27. Rxd7 Nxd7 28. b4 Nf6 29. f3 Kf8 30. g4 Ke7 31. Nf5+ Kf8 32. Nd6 Nd5 33. Nxb7 Nxc3 34. c6 Ke7 35. Kf2 Nd5 36. Nc5 Kd6 37. Nxa6 Kxc6 38. h4 Kb6 39. Nc5 Nxb4 40. Nd7+ Kc7 41. Nxe5 f6 42. Ng6 Kd6 43. Ke3 Nd5+ 44. Ke4 Ne7 45. Nf8 g6 46. h5 gxh5 47. gxh5 1-0


[Site "https://www.chess.com"]

[Event "Titled Tuesday Blitz May 16 Early 2023"]
[White "Hossain, Enamul"]
[Black "Wagner, Dennis"]
[WhiteFideId "10200649"]
[BlackFideId "24650684"]
[WhiteElo "2433"]
[BlackElo "2478"]
[Result "0-1"]
[Round "02"]
[TimeControl "180+2"]
[Date "2023.05.16"]
[WhiteClock "0:00:00"]
[BlackClock "0:00:03"]

1. e4 e5 2. Nf3 Nc6 3. Bc4 Bc5 4. O-O Nf6 5. d3 d6 6. c3 a6 7. a4 Ba7 8. Re1 h6 9. Nbd2 O-O 10. h3 Re8 11. b4 Be6 12. Bb2 Qd7 13. b5 axb5 14. axb5 Ne7 15. Bxe6 Qxe6 16. c4 Ng6 17. d4 Nd7 18. Qc2 Nf4 19. Kh2 exd4 20. Bxd4 Bxd4 21. Nxd4 Qg6 22. g3 Rxa1 23. Rxa1 Qf6 24. N2f3 Ne6 25. Rd1 Nxd4 26. Nxd4 Nc5 27. f3 Ra8 28. Kg2 Ra3 29. Qe2 g6 30. Rd2 h5 31. h4 Ra1 32. Nc2 Rb1 33. Ne3 Nb3 34. Nd5 Qa1 35. Ra2 Rg1+ 36. Kf2 Qd4+ 37. Ne3 Rh1 38. Kg2 Nc1 39. Qd2 Qxd2+ 40. Rxd2 Re1 41. Kf2 Rh1 42. Kg2 Re1 43. Nd5 c6 44. bxc6 bxc6 45. Ne7+ Kg7 46. Nxc6 Nb3 47. Rxd6 Re2+ 48. Kf1 Rc2 0-1


[Site "https://www.chess.com"]

[Event "Titled Tuesday Blitz May 16 Early 2023"]
[White "Dushyant Sharma"]
[Black "Bocharov, Dmitry"]
[WhiteFideId "25065130"]
[BlackFideId "4138716"]
[WhiteElo "2198"]
[BlackElo "2469"]
[Result "0-1"]
[Round "02"]
[TimeControl "180+2"]
[Date "2023.05.16"]
[WhiteClock "0:00:07"]
[BlackClock "0:00:40"]

1. e4 c5 2. Nf3 d6 3. d4 cxd4 4. Nxd4 Nf6 5. Nc3 a6 6. f4 Qc7 7. a4 g6 8. Nf3 Bg7 9. Bd3 O-O 10. O-O Nc6 11. Qe1 Nb4 12. Bd2 e6 13. Kh1 b6 14. Qh4 Nxd3 15. cxd3 Bb7 16. Rac1 Qd7 17. Be3 b5 18. axb5 axb5 19. e5 Nd5 20. Nxd5 Bxd5 21. exd6 Rfc8 22. Ng5 h5 23. Ne4 Bxe4 24. dxe4 Qxd6 25. Rcd1 Qb4 26. e5 Qe4 27. Rfe1 Rc2 28. Bf2 Qc6 29. Rd6 Qc4 30. Rd4 Qb3 31. f5 exf5 32. Rd7 Re8 33. Rd8 Rxd8 34. Qxd8+ Kh7 35. e6 fxe6 36. Bg3 Rxb2 37. Qd7 Rb1 38. h3 Rxe1+ 39. Bxe1 b4 40. Kh2 Qd5 41. Qb7 Qxb7 0-1


[Site "https://www.chess.com"]

[Event "Titled Tuesday Blitz May 16 Early 2023"]
[White "Csonka, Balazs"]
[Black "Tokman, Ariel"]
[WhiteFideId "742910"]
[BlackFideId "117420"]
[WhiteElo "2404"]
[BlackElo "2263"]
[Result "1-0"]
[Round "02"]
[TimeControl "180+2"]
[Date "2023.05.16"]
[WhiteClock "0:00:06"]
[BlackClock "0:00:03"]

1. e4 c5 2. Nc3 e6 3. Nf3 a6 4. g3 Nc6 5. d4 cxd4 6. Nxd4 Nxd4 7. Qxd4 Ne7 8. Be3 Nc6 9. Qb6 Qxb6 10. Bxb6 Be7 11. O-O-O O-O 12. f4 d6 13. Bc7 Rd8 14. Bxd8 Nxd8 15. Bg2 Nc6 16. Na4 e5 17. Nb6 Rb8 18. f5 Kf8 19. c3 Ke8 20. Kc2 Bd7 21. Rd3 Rd8 22. Rhd1 Bc8 23. h4 Na5 24. b4 Nc6 25. a4 Bf8 26. Kb3 g6 27. g4 Be7 28. b5 axb5 29. axb5 Nb8 30. g5 Nd7 31. Nxd7 Bxd7 32. f6 Bf8 33. c4 Ra8 34. R3d2 b6 35. Ra2 Rxa2 36. Kxa2 Kd8 37. Kb3 Kc7 38. Rh1 Bg4 39. Kc3 Kb7 40. Kd3 Kb8 41. Bh3 Bh5 42. Bf1 Kc7 43. Rh2 Kb7 44. Ra2 Kb8 45. Bh3 Kb7 46. Bd7 d5 47. Bc6+ Kb8 48. Ra8+ 1-0


[Site "https://www.chess.com"]

[Event "Titled Tuesday Blitz May 16 Early 2023"]
[White "Khandelwal, Ankush"]
[Black "Vakhlamov, Igor L."]
[WhiteFideId "413470"]
[BlackFideId "24126748"]
[WhiteElo "2263"]
[BlackElo "2407"]
[Result "1-0"]
[Round "02"]
[TimeControl "180+2"]
[Date "2023.05.16"]
[WhiteClock "0:00:09"]
[BlackClock "0:00:12"]

1. e4 c5 2. Nf3 e6 3. d4 cxd4 4. Nxd4 Nf6 5. Nc3 Nc6 6. Nxc6 bxc6 7. e5 Nd5 8. Ne4 Qc7 9. f4 Rb8 10. c4 Bb4+ 11. Ke2 O-O 12. cxd5 cxd5 13. Ng5 d6 14. a3 Ba5 15. exd6 Qxd6 16. Qc2 g6 17. Nf3 d4 18. Kf2 Bb7 19. Bd3 Rfc8 20. Qe2 Bd5 21. Qe5 Qd8 22. b4 Bc7 23. Qg5 f6 24. Qh6 a5 25. h4 Bd6 26. Bxg6 hxg6 27. Qxg6+ Kf8 28. Ng5 Rc2+ 29. Ke1 fxg5 30. hxg5 e5 31. Rh8+ Ke7 32. Rh7+ Kf8 33. Qg7+ Ke8 34. Rh8+ Bf8 35. Rxf8# 1-0


[Site "https://www.chess.com"]

[Event "Titled Tuesday Blitz May 16 Early 2023"]
[White "Pinto, Daniel"]
[Black "Cherniaiev, Tykhon"]
[WhiteFideId "3303144"]
[BlackFideId "14182360"]
[WhiteElo "2145"]
[BlackElo "2450"]
[Result "0-1"]
[Round "02"]
[TimeControl "180+2"]
[Date "2023.05.16"]
[WhiteClock "0:00:06"]
[BlackClock "0:01:11"]

1. Nf3 Nf6 2. g3 d5 3. Bg2 e6 4. O-O Be7 5. b3 c5 6. c4 d4 7. e3 Nc6 8. exd4 cxd4 9. d3 O-O 10. Ba3 Bxa3 11. Nxa3 e5 12. Re1 Re8 13. Nc2 h6 14. b4 a6 15. a4 Bg4 16. h3 Bxf3 17. Bxf3 e4 18. Bxe4 Nxe4 19. Rxe4 Rxe4 20. dxe4 d3 21. Ne1 Nxb4 22. Ra3 Qd4 23. a5 Qxc4 24. Ra4 Rd8 25. Qd2 Rd4 26. Nxd3 Rxd3 27. Rxb4 Qxe4 28. Rxe4 Rxd2 29. Re8+ Kh7 30. Re7 f6 31. Rxb7 Rd5 32. h4 Rxa5 33. Ra7 Ra3 34. Kg2 Kg6 35. g4 h5 36. gxh5+ Kh6 37. Rb7 Ra5 38. Ra7 Ra4 39. Rb7 Kxh5 40. Rxg7 Rg4+ 41. Rxg4 Kxg4 0-1


[Site "https://www.chess.com"]

[Event "Titled Tuesday Blitz May 16 Early 2023"]
[White "Yanchenko, Roman"]
[Black "Yurasova, Daria"]
[WhiteFideId "4137329"]
[BlackFideId "34146919"]
[WhiteElo "2491"]
[BlackElo "2109"]
[Result "1-0"]
[Round "02"]
[TimeControl "180+2"]
[Date "2023.05.16"]
[WhiteClock "0:02:14"]
[BlackClock "0:01:41"]

1. d4 d5 2. c4 dxc4 3. Nc3 Nf6 4. Nf3 e6 5. Bf4 Bd6 6. Bg3 a6 7. a4 Bxg3 8. hxg3 Nd5 9. e3 c5 10. Bxc4 Nxc3 11. bxc3 cxd4 12. cxd4 b6 13. Ne5 Bb7 14. Bxe6 fxe6 15. Qh5+ Ke7 16. Qg5+ Ke8 17. Qxg7 Rf8 18. Qxb7 Qf6 19. f4 1-0


[Site "https://www.chess.com"]

[Event "Titled Tuesday Blitz May 16 Early 2023"]
[White "Przybylski, Wojciech"]
[Black "Sieciechowicz, Marcin"]
[WhiteFideId "1117599"]
[BlackFideId "1130170"]
[WhiteElo "2222"]
[BlackElo "2302"]
[Result "1/2-1/2"]
[Round "02"]
[TimeControl "180+2"]
[Date "2023.05.16"]
[WhiteClock "0:00:05"]
[BlackClock "0:00:04"]

1. d4 d5 2. Nf3 Nf6 3. g3 g6 4. Bg2 Bg7 5. O-O O-O 6. c4 c6 7. Nc3 dxc4 8. a4 Nd5 9. e4 Nxc3 10. bxc3 Nd7 11. Nd2 c5 12. Nxc4 Nb6 13. Nxb6 Qxb6 14. Be3 cxd4 15. cxd4 Rd8 16. d5 Qa6 17. Rc1 Bd7 18. Rc7 Be5 19. Rc5 Qxa4 20. f4 Qxd1 21. Rxd1 Bd6 22. Rcc1 f6 23. Bd4 Bg4 24. e5 fxe5 25. fxe5 Ba3 26. Ra1 Bxd1 27. Rxd1 Rac8 28. Bh3 Rc4 29. Be6+ Kg7 30. Kg2 Bc5 31. Ba1 Rc2+ 32. Kh3 Ra2 33. d6 Rxa1 34. Rxa1 exd6 35. Rd1 b6 36. Bc4 a5 37. e6 a4 38. Bb5 Kf6 39. Re1 Ke7 40. Bxa4 d5 41. Bd7 d4 42. Kg4 Bb4 43. Rd1 Bc3 44. Kf3 b5 45. Bxb5 Kxe6 46. Ke4 Rf8 47. Rf1 Rb8 48. Bc4+ Kd6 49. h4 Re8+ 50. Kf4 Kc5 51. Bd3 Re3 52. Rf3 Re7 53. Kg4 Kd5 54. h5 gxh5+ 55. Kxh5 Re3 56. Kg4 Rxd3 57. Rxd3 Ke4 58. Rd1 d3 59. Kg5 Bg7 60. Re1+ Kf3 61. Rh1 d2 62. g4 Ke2 63. Kf5 d1=Q 64. Rxd1 Kxd1 65. g5 Ke2 66. Ke6 Kf3 67. Kf7 Bc3 68. Kg8 Kg4 69. Kxh7 Kxg5 1/2-1/2


[Site "https://www.chess.com"]

[Event "Titled Tuesday Blitz May 16 Early 2023"]
[White "Gunina, Valentina"]
[Black "Ljukin, Sergei"]
[WhiteFideId "4167570"]
[BlackFideId "14102200"]
[WhiteElo "2352"]
[BlackElo "2312"]
[Result "1-0"]
[Round "02"]
[TimeControl "180+2"]
[Date "2023.05.16"]
[WhiteClock "0:01:53"]
[BlackClock "0:00:12"]

1. d4 d5 2. c4 c6 3. Nf3 Nf6 4. e3 e6 5. Nc3 Nbd7 6. Be2 dxc4 7. a4 Bb4 8. Nd2 e5 9. Nxc4 exd4 10. exd4 O-O 11. O-O Nb6 12. Bg5 Be7 13. Ne5 a5 14. Bd3 Be6 15. Re1 h6 16. Bh4 Nfd5 17. Bxe7 Qxe7 18. Rc1 Rad8 19. Bb1 Nb4 20. Ne4 Qh4 21. Rc3 f5 22. Ng6 1-0


[Site "https://www.chess.com"]

[Event "Titled Tuesday Blitz May 16 Early 2023"]
[White "Aarav Dengla"]
[Black "Di Benedetto, Edoardo"]
[WhiteFideId "45059756"]
[BlackFideId "875740"]
[WhiteElo "2288"]
[BlackElo "2296"]
[Result "0-1"]
[Round "02"]
[TimeControl "180+2"]
[Date "2023.05.16"]
[WhiteClock "0:00:09"]
[BlackClock "0:00:17"]

1. e4 e6 2. d4 d5 3. exd5 exd5 4. Nf3 Bd6 5. c4 Nf6 6. Nc3 O-O 7. cxd5 Nbd7 8. Be2 h6 9. O-O Nb6 10. Ne5 Nbxd5 11. Nxd5 Nxd5 12. Bf3 Be6 13. Nc4 c6 14. Nxd6 Qxd6 15. Qb3 Nb6 16. Qc3 Bd5 17. Bxd5 Nxd5 18. Qb3 Qd7 19. Be3 Rfe8 20. Rfe1 Re6 21. Bd2 Rae8 22. Rxe6 Rxe6 23. Re1 Rxe1+ 24. Bxe1 Nf4 25. Bc3 Qe7 26. Qd1 Qg5 27. g3 Nd5 28. h4 Qe7 29. Qe1 Qxe1+ 30. Bxe1 f5 31. Kf1 Kf7 32. Ke2 Ke6 33. Kd3 Nf6 34. Bd2 Kd5 35. Bf4 Nd7 36. f3 Nf8 37. Be5 Ne6 38. b4 g6 39. Bf6 h5 40. Be5 g5 41. hxg5 Nxg5 42. Ke3 Ne6 43. Bf6 Kc4 44. Be7 b6 45. a4 a6 46. a5 b5 47. Bd6 Nxd4 48. Kf4 Kd5 49. Be7 Ke6 50. Bc5 Nb3 51. Bf8 c5 52. bxc5 Nd4 53. Kg5 Nxf3+ 54. Kxh5 Nd4 55. Kg5 Nc6 56. Kf4 Nxa5 57. Bg7 Nc6 58. Bc3 a5 59. Bb2 a4 60. Ke3 Kd5 61. Ba3 b4 62. Bc1 Kc4 63. Kf4 a3 64. Kxf5 Kc3 65. g4 Kc2 66. Bh6 b3 67. g5 b2 68. g6 b1=Q 69. g7 Kb3+ 70. Ke6 Qg6+ 71. Kd7 a2 72. g8=Q+ Qxg8 73. Kxc6 a1=Q 74. Kb6 Qaa8 75. c6 Qg1+ 76. Kc7 Qga7+ 77. Kd6 Qd8+ 78. Ke6 Qae7+ 79. Kf5 Qd5+ 80. Kg4 Qee4+ 81. Kg3 Qdd3+ 82. Be3 Qdxe3+ 0-1


[Site "https://www.chess.com"]

[Event "Titled Tuesday Blitz May 16 Early 2023"]
[White "Preotu, Razvan"]
[Black "Hirneise, Jens"]
[WhiteFideId "2613280"]
[BlackFideId "24614734"]
[WhiteElo "2407"]
[BlackElo "2345"]
[Result "1-0"]
[Round "02"]
[TimeControl "180+2"]
[Date "2023.05.16"]
[WhiteClock "0:00:11"]
[BlackClock "0:00:55"]

1. e4 Nf6 2. e5 Nd5 3. d4 d6 4. c4 Nb6 5. f4 g6 6. Nc3 Bg7 7. Be3 O-O 8. c5 N6d7 9. h4 Re8 10. h5 Nf8 11. hxg6 hxg6 12. Bc4 Be6 13. Bxe6 Nxe6 14. Qg4 dxe5 15. fxe5 c6 16. Qh4 f6 17. Qh7+ Kf7 18. Rh6 Nf8 19. e6+ Nxe6 20. Qxg6+ Kg8 21. Rh7 Rf8 22. Nf3 Rf7 23. Rh4 Na6 24. Qh7+ Kf8 25. Bh6 Nb4 26. Qh8# 1-0


[Site "https://www.chess.com"]

[Event "Titled Tuesday Blitz May 16 Early 2023"]
[White "Rodchenkov, Sergey D."]
[Black "Badmatsyrenov, Oleg"]
[WhiteFideId "4168712"]
[BlackFideId "24115762"]
[WhiteElo "2277"]
[BlackElo "2396"]
[Result "0-1"]
[Round "02"]
[TimeControl "180+2"]
[Date "2023.05.16"]
[WhiteClock "0:00:06"]
[BlackClock "0:00:22"]

1. e4 c5 2. Nf3 e6 3. d4 cxd4 4. Nxd4 a6 5. Nc3 b5 6. Bd3 Qb6 7. Nf3 Qc7 8. O-O Bb7 9. Re1 Bc5 10. Qd2 Be7 11. b4 f6 12. a4 bxa4 13. Nxa4 Nh6 14. Bb2 O-O 15. c4 Nc6 16. c5 Rab8 17. Nb6 Nxb4 18. Rec1 Nxd3 19. Qxd3 Bc6 20. Rxa6 Bxc5 21. Rxc5 Rxb6 22. Rxb6 Qxb6 23. Ba3 Ra8 24. h3 Nf7 25. Rc3 Qa6 26. Qe3 Qa4 27. Nd4 Bb7 28. Nf3 Qxe4 29. Qb6 Bc6 30. Kh2 Ne5 31. Bd6 Nc4 32. Qc5 Nxd6 33. Qxd6 Qd5 34. Qg3 Ra1 35. h4 Kf7 36. Rd3 Qe4 37. Nd4 Bd5 38. Nb5 Qe1 39. Qc7 Qh1+ 40. Kg3 Qxg2+ 41. Kf4 Qe4+ 42. Kg3 Rg1+ 0-1


[Site "https://www.chess.com"]

[Event "Titled Tuesday Blitz May 16 Early 2023"]
[White "Sowul, Bartosz"]
[Black "Kushko, Dmitriy"]
[WhiteFideId "1137590"]
[BlackFideId "14162261"]
[WhiteElo "2188"]
[BlackElo "2230"]
[Result "0-1"]
[Round "02"]
[TimeControl "180+2"]
[Date "2023.05.16"]
[WhiteClock "0:00:21"]
[BlackClock "0:00:04"]

1. e4 g6 2. d4 Bg7 3. Nc3 d6 4. Be3 a6 5. Nf3 b5 6. Bd3 Bb7 7. h4 Nf6 8. e5 Ng4 9. Bf4 c5 10. e6 f5 11. Ng5 O-O 12. h5 Bxd4 13. f3 Nf2 14. Qe2 Nxh1 15. hxg6 hxg6 16. O-O-O Nf2 17. Rf1 Nxd3+ 18. Qxd3 Kg7 19. Nf7 Rxf7 20. exf7 Nd7 21. g4 e5 22. Bd2 f4 23. Ne4 Bxe4 24. Qxe4 Nf6 25. Qe1 Kxf7 26. c3 Be3 27. Bxe3 fxe3 28. Qxe3 Nd5 29. Qe4 Nf4 30. Qb7+ Kf6 31. Rh1 Rb8 32. g5+ Ke6 33. Qg7 Qxg5 34. Kc2 Kd5 35. Qf7+ Kc6 36. Rh7 Qf5+ 37. Qxf5 gxf5 38. Kd2 Nd5 39. Rf7 f4 40. Rg7 Nb6 41. Rg6 Rb7 42. b3 c4 43. Kc2 Re7 44. Rf6 Kd7 45. Rg6 Nd5 46. b4 Ne3+ 47. Kd2 Rh7 48. Rg1 Rh2+ 49. Kc1 Ke6 50. Kb1 d5 51. Ka1 d4 52. cxd4 exd4 53. a3 c3 54. a4 Kd5 55. Kb1 Kc4 56. axb5 axb5 57. Rg6 Kb3 58. Rg1 Ra2 59. Rc1 c2+ 60. Rxc2 Rxc2 61. Ka1 Rc1# 0-1


[Site "https://www.chess.com"]

[Event "Titled Tuesday Blitz May 16 Early 2023"]
[White "Deepan Chakkravarthy J."]
[Black "liwadas82"]
[WhiteFideId "5011132"]
[WhiteElo "2351"]
[BlackElo "2471"]
[Result "1-0"]
[Round "02"]
[TimeControl "180+2"]
[Date "2023.05.16"]
[WhiteClock "0:00:49"]
[BlackClock "0:00:00"]

1. Nf3 Nf6 2. g3 b5 3. Bg2 Bb7 4. O-O e6 5. a4 b4 6. c3 bxc3 7. dxc3 Be7 8. Nbd2 O-O 9. Qc2 d5 10. b4 c5 11. b5 a6 12. c4 dxc4 13. Rb1 axb5 14. axb5 Nbd7 15. Nxc4 Be4 16. Qb2 Bxb1 17. Qxb1 Nb6 18. Nfe5 Nxc4 19. Nxc4 Ra4 20. Qc2 Rb4 21. Na3 c4 22. Bc6 Qb6 23. Be3 Bc5 24. Nxc4 Rxc4 25. Qxc4 Bxe3 26. fxe3 Qxe3+ 27. Kh1 h5 28. Bf3 Rd8 29. Rb1 Nd5 30. Qd3 Qf2 31. b6 h4 32. b7 Rb8 33. Bxd5 exd5 34. gxh4 Qxh4 35. Qxd5 g6 36. Rc1 Kh7 37. Qxf7+ Kh6 38. Qf3 Re8 39. Rb1 Qd4 40. b8=Q Rxb8 41. Rxb8 Qd1+ 42. Kg2 Qd4 43. Rb7 1-0


[Site "https://www.chess.com"]

[Event "Titled Tuesday Blitz May 16 Early 2023"]
[White "Czerw, Dawid"]
[Black "Lavrik, Dmitry"]
[WhiteFideId "1145746"]
[BlackFideId "24113190"]
[WhiteElo "2144"]
[BlackElo "2345"]
[Result "1-0"]
[Round "02"]
[TimeControl "180+2"]
[Date "2023.05.16"]
[WhiteClock "0:00:04"]
[BlackClock "0:00:00"]

1. e4 c5 2. Nf3 d6 3. d4 cxd4 4. Nxd4 Nf6 5. Nc3 Nc6 6. f3 e5 7. Nb3 Be7 8. Be3 O-O 9. Qd2 a5 10. Bb5 Be6 11. O-O-O Qc7 12. a4 Nb4 13. Kb1 d5 14. exd5 Nfxd5 15. Nxd5 Bxd5 16. Qf2 Be6 17. g4 Rfc8 18. Rd2 Nxc2 19. Rxc2 Qxc2+ 20. Qxc2 Rxc2 21. Kxc2 Rc8+ 22. Nc5 Bxc5 23. Bxc5 Rxc5+ 24. Kd3 Kf8 25. Rb1 Bb3 26. Re1 g5 27. Re2 Ke7 28. Ke4 f6 29. Rd2 Be6 30. h4 gxh4 31. Rh2 Bf7 32. Rxh4 Bg6+ 33. Ke3 Rc2 34. Bd3 Rxb2 35. Bxg6 hxg6 36. Rh7+ Ke6 37. Rg7 g5 38. Rc7 b5 39. axb5 Rxb5 40. Rc6+ Kf7 41. Ra6 Kg6 42. Ke4 Rb4+ 43. Ke3 Ra4 44. Kd3 Ra3+ 45. Ke4 Ra1 46. Ke3 a4 47. Ra7 a3 48. Kf2 a2 49. Kg2 f5 50. Ra6+ Kf7 51. gxf5 g4 52. fxg4 e4 53. g5 e3 54. Ra7+ Ke8 55. g6 e2 56. g7 Rg1+ 57. Kxg1 e1=Q+ 58. Kg2 Qe2+ 59. Kg3 Qe3+ 60. Kg4 Qg1+ 61. Kf4 Qxg7 62. Rxg7 a1=Q 63. Rg6 Kf7 64. Re6 Qf1+ 65. Kg4 Qf2 66. Rg6 Qe3 67. Re6 Qd4+ 68. Kg5 Qd3 69. Kf4 Qh3 70. Rg6 Qh4+ 71. Ke5 Ke7 72. Re6+ Kd7 73. Rg6 Qe1+ 74. Kf4 Qf2+ 75. Ke4 Qc2+ 76. Kf4 Qc4+ 77. Kg5 1-0


[Site "https://www.chess.com"]

[Event "Titled Tuesday Blitz May 16 Early 2023"]
[White "Vaishali, Rameshbabu"]
[Black "Grossboss19"]
[WhiteFideId "5091756"]
[WhiteElo "2410"]
[BlackElo "2444"]
[Result "1-0"]
[Round "02"]
[TimeControl "180+2"]
[Date "2023.05.16"]
[WhiteClock "0:00:05"]
[BlackClock "0:00:10"]

1. d4 Nf6 2. Nf3 g6 3. g3 d5 4. Bg2 Bg7 5. O-O O-O 6. c4 c6 7. a4 a5 8. cxd5 cxd5 9. Nc3 Ne4 10. Qb3 e6 11. Bf4 Nc6 12. Nb5 g5 13. Be3 Nb4 14. Ne5 f6 15. Nd3 Nxd3 16. exd3 Nd6 17. Rfc1 Nxb5 18. Qxb5 Bd7 19. Qxb7 Rb8 20. Qa7 Rxb2 21. Rc7 Rf7 22. Rac1 Bf8 23. Qxa5 Bd6 24. Rc8 Qxc8 25. Rxc8+ Bxc8 26. Qd8+ Rf8 27. Qxd6 Rb1+ 28. Bf1 e5 29. Qxd5+ Kh8 30. Qc5 Rg8 31. Qc2 Re1 32. Bd2 Ra1 33. Bc3 Ra3 34. Bb2 Ra2 35. dxe5 Be6 36. exf6 Bf7 37. h4 gxh4 38. Bg2 Rb8 39. Qc7 Rf8 40. Qe7 Kg8 41. Qe5 hxg3 42. Bd5 gxf2+ 43. Kg2 Kh8 44. Bxf7 f1=Q+ 45. Kxf1 Rxb2 46. Qxb2 Rxf7 47. Qb8+ 1-0


[Site "https://www.chess.com"]

[Event "Titled Tuesday Blitz May 16 Early 2023"]
[White "Eynullayev, Atilla"]
[Black "Starozhilov, Leonid"]
[WhiteFideId "13413570"]
[BlackFideId "14106752"]
[WhiteElo "2181"]
[BlackElo "2352"]
[Result "1/2-1/2"]
[Round "02"]
[TimeControl "180+2"]
[Date "2023.05.16"]
[WhiteClock "0:00:07"]
[BlackClock "0:00:04"]

1. d4 Nf6 2. c4 g6 3. Nc3 Bg7 4. e4 O-O 5. Be3 d6 6. Be2 Nc6 7. d5 Ne5 8. f4 Neg4 9. Bd2 Nh6 10. Nf3 e6 11. dxe6 fxe6 12. O-O Nf7 13. Kh1 b6 14. Qe1 Bb7 15. Bd3 Qd7 16. Rd1 Rae8 17. Bc1 e5 18. Qh4 Qg4 19. Qxg4 Nxg4 20. Nd5 c6 21. Nc3 exf4 22. Bxf4 Nfe5 23. Bc1 Nxd3 24. Rxd3 Ne5 25. Rxd6 Nxc4 26. Rd7 Rb8 27. Kg1 b5 28. Rfd1 Rf7 29. Ng5 Rxd7 30. Rxd7 Bh6 31. Bf4 Rf8 32. g3 Bc8 33. Rxa7 Bxg5 34. Bxg5 Bh3 35. Bf4 g5 36. Ne2 Ne5 37. Kf2 Ng6 38. Ke3 gxf4+ 39. gxf4 Bg4 40. f5 Bxe2 41. fxg6 Bc4 42. Rxh7 Bxa2 43. h4 Re8 44. h5 Bd5 45. Kf4 Rxe4+ 46. Kf5 Re8 47. Rc7 Rf8+ 48. Kg5 Re8 49. h6 Re5+ 50. Kf6 Re6+ 51. Kf5 Re8 52. Rg7+ Kh8 53. Rh7+ Kg8 54. Rg7+ Kh8 55. Rc7 Kg8 56. Kg5 Re5+ 57. Kf6 Re6+ 58. Kf5 Re8 1/2-1/2


[Site "https://www.chess.com"]

[Event "Titled Tuesday Blitz May 16 Early 2023"]
[White "Rottenwohrer Suarez, Juan"]
[Black "Gritsenko, Nikolai"]
[WhiteFideId "32068182"]
[BlackFideId "14112493"]
[WhiteElo "2174"]
[BlackElo "2389"]
[Result "0-1"]
[Round "02"]
[TimeControl "180+2"]
[Date "2023.05.16"]
[WhiteClock "0:00:00"]
[BlackClock "0:00:17"]

1. d4 d5 2. c4 Nc6 3. Nc3 dxc4 4. Nf3 Nf6 5. e3 e5 6. Nxe5 Nxe5 7. dxe5 Qxd1+ 8. Nxd1 Ng4 9. Bxc4 Nxe5 10. Bb3 Nd3+ 11. Ke2 Nxc1+ 12. Rxc1 c6 13. f4 Bg4+ 14. Kf2 Rd8 15. Kg3 h5 16. Nf2 Be2 17. Ne4 Be7 18. Nc5 Rd2 19. h4 Rh6 20. Ne4 Rg6+ 21. Ng5 Bxg5 22. hxg5 Rxb2 23. Rc2 Rxc2 24. Bxc2 Rd6 25. Bb3 g6 26. e4 Bg4 27. e5 Rd3+ 28. Kf2 Ke7 0-1


[Site "https://www.chess.com"]